Map: Heavy Artillery LE

Players

Specs

  • Race: Terran Terran
  • Spawn Location: 7:00

DiIdoGaggins

  • Race: Zerg Zerg
  • Spawn Location: 7:00

Alebay - Winner!

  • Race: Protoss Protoss
  • Spawn Location: 3:00

MattBarry - Winner!

  • Race: Zerg Zerg
  • League: Gold
  • Spawn Location: 1:00

VOD

Have the link to the VOD?

Description

Time

  • Played on: Jan. 24, 2023, 12:09 a.m.
  • Length: 10:00
Show
View Real Time Build Order
Export as new Build Order

Specs Terran 

Build Orders:  

Get SALT Encoding   

  12  0:13  SCV  
  13  0:25  SCV  
  14  0:30  Supply Depot  
  14  0:39  SCV  
  15  0:51  Refinery  
  15  0:52  SCV  
  16  1:00  Barracks  
  16  1:04  SCV  
  17  1:10  Refinery  
  17  1:16  SCV  
  18  1:24  Supply Depot  
  18  1:51  Engineering Bay  
  18  2:00  Barracks Reactor  
  18  2:10  Supply Depot  
  18  2:16  Factory  
  18  2:41  Marine  
  18  2:42  Marine  
  20  2:59  Marine  
  20  3:00  Marine  
  22  3:16  Factory Tech Lab  
  22  3:17  Marine x2  
  24  3:23  Starport  
  24  3:35  Marine x2  
  24  3:39  Siege Tank  
  29  3:46  Orbital Command  
  29  3:53  Marine x2  
  31  4:03  Starport Reactor  
  31  4:11  Marine  
  31  4:12  Missile Turret  
  32  4:24  Marine  
  32  4:30  Siege Tank  
  36  4:42  Armory  
  36  4:45  Viking  
  38  4:52  Viking  
  40  5:03  Supply Depot  
  40  5:19  Viking  
  42  5:50  Supply Depot  
  42  6:07  Terran Infantry Weapons Level 1  
  42  6:13  Siege Tank  
  45  6:34  Marine x2  
  47  6:46  Barracks  
  47  6:47  Viking x2  
  49  6:52  Marine x2  
  53  7:10  Marine x2  
  49  7:32  Viking x2  
  43  8:01  Terran Infantry Armor Level 1  
  43  8:02  Viking  
  43  8:03  Viking  
  42  8:32  Viking  
  44  8:40  Missile Turret, Barracks Tech Lab  
  21  9:10  Missile Turret  
  21  9:16  Missile Turret  
  10  9:44  Missile Turret  
  10  9:56  Starport Reactor  
Show
View Real Time Build Order
Export as new Build Order

DiIdoGaggins Zerg 

Build Orders: Hatch First 

Get SALT Encoding   

  12  0:00  Drone  
  13  0:13  Overlord  
  13  0:18  Drone  
  14  0:31  Drone x2  
  16  0:35  Drone  
  17  0:58  Drone  
  17  1:02  Hatchery  
  17  1:09  Spawning Pool  
  16  1:12  Drone  
  16  1:15  Drone  
  18  1:21  Overlord  
  18  1:29  Extractor, Drone  
  18  1:39  Drone  
  19  1:54  Drone  
  20  1:55  Queen  
  22  2:02  Drone  
  23  2:11  Zergling x2  
  24  2:16  Queen  
  24  2:18  Drone  
  27  2:27  Drone  
  27  2:29  Drone  
  29  2:52  Zergling x4, Metabolic Boost  
  31  3:11  Drone x3  
  34  3:21  Drone x2  
  34  3:22  Overlord x2  
  34  3:23  Overlord  
  35  3:41  Evolution Chamber  
  35  3:42  Hatchery, Drone x2  
  35  3:43  Drone x2  
  35  3:44  Evolution Chamber, Drone x3  
  39  3:56  Drone x2  
  41  4:10  Zerg Ground Armor Level 1, Zerg Melee Weapons Level 1  
  41  4:13  Drone x5  
  41  4:14  Overlord  
  41  4:16  Extractor  
  45  4:17  Overlord  
  45  4:19  Drone x3  
  48  4:35  Queen  
  48  4:37  Hatchery  
  49  4:40  Lair  
  49  4:43  Drone x2  
  49  4:44  Drone  
  52  4:46  Drone x2  
  52  4:47  Drone x2  
  56  4:54  Overlord x2  
  54  5:13  Zergling x2  
  54  5:14  Zergling x20  
  61  5:16  Queen  
  65  5:31  Drone  
  65  5:32  Drone  
  67  5:39  Overlord  
  67  5:41  Zergling x2  
  67  5:42  Zergling x8  
  72  5:51  Drone  
  72  5:52  Drone x9  
  80  6:06  Zerg Melee Weapons Level 2, Zerg Ground Armor Level 2  
  80  6:08  Zergling x8  
  84  6:18  Zergling x4  
  84  6:19  Zergling x4  
  84  6:24  Infestation Pit  
  87  6:29  Zergling x8  
  87  6:30  Zergling x24  
  103  6:43  Drone  
  104  6:57  Overlord  
  104  6:58  Overlord x9  
  60  7:37  Zergling x2  
  60  7:38  Zergling x22  
  60  7:43  Burrow  
  60  7:44  Spore Crawler  
  67  7:49  Spore Crawler  
  62  7:52  Spore Crawler  
  56  8:03  Zergling x12  
  56  8:04  Zergling x18  
  44  8:34  Zergling x6  
  44  8:35  Zergling x14  
  45  8:47  Zergling x12  
  43  8:52  Queen  
  41  9:26  Zergling x2  
  41  9:27  Zergling x22  
Show
View Real Time Build Order
Export as new Build Order

Alebay Protoss - Winner!

Build Orders: 1 Gate Expand 

Get SALT Encoding   

  12  0:00  Probe  
  13  0:12  Probe  
  14  0:24  Pylon, Probe  
  15  0:42  Probe  
  16  0:43  Gateway  
  16  0:50  Assimilator  
  16  0:54  Probe  
  17  1:06  Probe  
  18  1:18  Probe  
  19  1:30  Probe  
  20  1:33  Nexus  
  20  1:38  Cybernetics Core  
  20  1:42  Probe  
  20  1:46  Assimilator  
  21  1:56  Probe  
  22  2:03  Pylon  
  22  2:08  Warp Gate (Chrono Boost), Probe  
  23  2:21  Adept, Probe  
  26  2:30  Gateway  
  26  2:34  Probe  
  27  2:45  Robotics Facility, Probe  
  27  2:49  Shield Battery  
  27  2:50  Probe  
  29  2:57  Stalker  
  31  3:00  Probe  
  31  3:04  Probe  
  33  3:12  Probe  
  34  3:16  Probe  
  34  3:19  Forge  
  34  3:34  Immortal  
  34  3:35  Probe x2  
  34  3:41  Stalker  
  42  3:46  Pylon  
  42  3:50  Stalker  
  44  3:57  Probe x2  
  46  4:05  Stalker  
  46  4:09  Probe x2  
  50  4:14  Stalker  
  52  4:25  Pylon  
  52  4:27  Protoss Ground Weapons Level 1 (Chrono Boost)  
  52  4:30  Pylon  
  52  4:31  Gateway  
  52  4:33  Gateway  
  52  4:40  Stalker  
  52  4:44  Stalker  
  58  4:45  Probe x2  
  58  4:49  Assimilator  
  58  4:58  Immortal  
  62  5:00  Probe  
  62  5:01  Probe  
  64  5:07  Pylon  
  64  5:09  Stalker  
  64  5:13  Stalker  
  68  5:22  Gateway  
  68  5:27  Pylon, Probe  
  68  5:28  Probe  
  70  5:32  Assimilator  
  70  5:37  Stalker x2  
  74  5:45  Stalker  
  74  5:46  Stalker  
  78  5:52  Probe x2  
  80  6:04  Probe  
  80  6:05  Pylon  
  80  6:07  Pylon x2  
  80  6:08  Pylon  
  80  6:10  Stalker x2  
  85  6:19  Protoss Ground Armor Level 1 (Chrono Boost)  
  85  6:23  Photon Cannon  
  85  6:31  Stalker  
  85  6:32  Stalker x2  
  91  6:49  Stalker  
  91  6:50  Stalker  
  95  7:11  Zealot x3  
  77  7:39  Stalker x3  
  77  7:40  Stalker  
  85  7:45  Immortal  
  85  8:06  Zealot x2  
  85  8:07  Zealot x3  
  95  8:15  Gateway  
  95  8:17  Gateway  
  95  8:19  Gateway  
  67  8:46  Zealot  
  67  8:47  Zealot x4  
  59  9:07  Twilight Council  
  59  9:10  Zealot x5  
  59  9:14  Zealot x2  
  69  9:29  Zealot  
  69  9:30  Zealot x3  
  67  9:43  Zealot  
  67  9:44  Zealot x2  
  73  9:47  Zealot  
  73  9:52  Zealot x3  
  79  9:53  Zealot  
Show
View Real Time Build Order
Export as new Build Order

MattBarry Zerg - Winner!

Build Orders: Pool First 

Get SALT Encoding   

  12  0:00  Drone  
  13  0:13  Drone  
  14  0:19  Extractor  
  13  0:30  Spawning Pool  
  13  0:32  Drone  
  13  0:39  Drone  
  14  0:45  Overlord  
  14  1:00  Drone, Extractor  
  15  1:14  Drone  
  16  1:21  Zergling x2  
  17  1:29  Hatchery  
  16  1:39  Queen  
  18  1:43  Drone  
  19  1:52  Zergling x2  
  20  1:54  Metabolic Boost  
  20  2:04  Drone x2  
  22  2:25  Overlord  
  22  2:29  Extractor  
  21  2:30  Drone  
  22  2:55  Drone  
  22  2:56  Drone x6  
  28  3:10  Drone x3  
  31  3:13  Queen  
  33  3:25  Lair, Extractor  
  32  3:30  Drone  
  32  3:31  Drone, Overlord  
  34  3:40  Extractor  
  33  3:42  Extractor  
  33  3:46  Drone  
  33  3:47  Drone, Overlord  
  34  4:10  Drone  
  34  4:11  Drone x2  
  34  4:13  Zergling x6  
  40  4:27  Spire  
  40  4:28  Drone x3  
  40  4:29  Drone x2  
  44  4:34  Drone  
  45  4:39  Overlord  
  45  4:41  Queen  
  45  4:44  Queen  
  49  4:53  Drone x2  
  48  5:38  Mutalisk  
  48  5:39  Mutalisk x5  
  60  5:47  Overlord  
  60  5:49  Overlord  
  60  5:52  Evolution Chamber  
  60  5:55  Evolution Chamber  
  59  5:59  Spore Crawler  
  59  6:01  Spore Crawler  
  57  6:11  Zerg Flyer Weapons Level 1, Mutalisk x4  
  57  6:12  Mutalisk  
  57  6:13  Overlord  
  57  6:14  Overlord  
  67  6:33  Mutalisk x4  
  75  6:50  Zergling x2  
  75  6:51  Zergling x12  
  82  7:10  Mutalisk  
  80  7:24  Mutalisk x3  
  83  7:32  Mutalisk  
  77  7:42  Mutalisk x2  
  81  7:58  Mutalisk  
  83  8:01  Overlord  
  77  8:46  Mutalisk x2  
  77  8:47  Mutalisk x3  
  85  8:55  Mutalisk x2  
  85  9:33  Mutalisk x4  
Tags
 
Add a new tag
Caveats
  • Supply blocks, unpowered buildings, or Contaminate may cause inaccurate times.
  • Supply counts are checked every 10 seconds.